SL
FT. WORTH CATTLEMEN @ AUSTIN RANGERS
08/07/2026
 
TOP OF THE 1ST
Ft. Worth Cattlemen batting - Pitching for Austin Rangers : LHP Alfonso Zapata
Pitching: LHP Alfonso Zapata
Batting: SHB Robby Day 0-0: Ball
1-0: SINGLE (Line Drive, 78S)
Batting: SHB John Allen 0-0: Called Strike
0-1: SINGLE (Line Drive, 5L)
Robby Day to second
Batting: RHB Bart Lewis 0-0: Ball
1-0: Ball
2-0: SINGLE (Groundball, 34D)
Robby Day to third
John Allen to second
Runner from 3rd tries for Home, SAFE, throw made home
Batting: RHB Teruo Nakayama 0-0: Foul Ball, location: 2F
0-1: Swinging Strike
0-2: Foul Ball, location: 2F
0-2: Foul Ball, location: 2F
0-2: Strikes out swinging
Batting: RHB Vernon Caw 0-0: Ball
1-0: Called Strike
1-1: Ball
2-1: Ball
3-1: Base on Balls
John Allen to third
Bart Lewis to second
Batting: RHB Joey Morgan 0-0: Ball
1-0: SINGLE (Groundball, 6MD)
John Allen scores
Bart Lewis to third
Vernon Caw to second
Batting: RHB Keith Best 0-0: Ball
1-0: Foul Ball, location: 2F
1-1: Ball
2-1: Called Strike
2-2: Grounds into double play, 6-4-3 (Groundball, 6)
Top of the 1st over - 2 run(s), 4 hit(s), 0 error(s), 2 left on base; Ft. Worth 2 - Austin 0
BOTTOM OF THE 1ST
Austin Rangers batting - Pitching for Ft. Worth Cattlemen : LHP Bartolomeu Lio
Pitching: LHP Bartolomeu Lio
Batting: SHB Carlos Kramer 0-0: Ball
1-0: Fly out, F8 (Flyball, 8RS)
Batting: SHB Xavier Vásquez 0-0: Ground out 6-3 (Groundball, 6S)
Batting: LHB Yun Yen 0-0: Fly out, F7 (Flyball, 78S)
Bottom of the 1st over - 0 run(s), 0 hit(s), 0 error(s), 0 left on base; Ft. Worth 2 - Austin 0
TOP OF THE 2ND
Ft. Worth Cattlemen batting - Pitching for Austin Rangers : LHP Alfonso Zapata
Batting: LHB Ryan Westlake 0-0: Ball
1-0: Called Strike
1-1: Swinging Strike
1-2: Ball
2-2: Strikes out swinging
Batting: RHB Enrique Marroquín 0-0: Ball
1-0: Fly out, F6 (Popup, 56D)
Batting: SHB Robby Day 0-0: Ball
1-0: Fly out, F7 (Flyball, 7D)
Top of the 2nd over - 0 run(s), 0 hit(s), 0 error(s), 0 left on base; Ft. Worth 2 - Austin 0
BOTTOM OF THE 2ND
Austin Rangers batting - Pitching for Ft. Worth Cattlemen : LHP Bartolomeu Lio
Batting: LHB Count Dante 0-0: Called Strike
0-1: Ball
1-1: Foul Ball, location: 2F
1-2: SINGLE (Line Drive, 56)
Batting: LHB Jesús Reyes 0-0: SINGLE (Flyball, 8RS)
Count Dante to second
Batting: RHB Jeff Green 0-0: Called Strike
0-1: Ball
1-1: Swinging Strike
1-2: Strikes out swinging
Batting: RHB Tony Hernández 0-0: Called Strike
0-1: Foul Ball, location: 2F
0-2: Ball
1-2: Ball
2-2: Ball
3-2: SINGLE (Line Drive, 8RM)
Count Dante to third
Jesús Reyes to second
Runner from 3rd tries for Home, SAFE, throw made home
Jesús Reyes to third
Tony Hernández to second
Now in CF: Edmund Gallagher
Batting: RHB Matt Sheppard 0-0: Called Strike
0-1: Called Strike
0-2: Strikes out swinging, 2-3 out at first.
Batting: LHB Enrique Sánchez 0-0: Called Strike
0-1: Ball
1-1: Foul Ball, location: 2F
1-2: Ball
2-2: Ball
3-2: Fly out, F6 (Line Drive, 6M)
Bottom of the 2nd over - 1 run(s), 3 hit(s), 0 error(s), 2 left on base; Ft. Worth 2 - Austin 1
TOP OF THE 3RD
Ft. Worth Cattlemen batting - Pitching for Austin Rangers : LHP Alfonso Zapata
Batting: SHB John Allen 0-0: Foul Ball, location: 2F
0-1: DOUBLE (Line Drive, 7LM)
Batting: RHB Bart Lewis 0-0: 2-RUN HOME RUN (Flyball, 78XD), Distance : 402 ft
Batting: RHB Teruo Nakayama 0-0: Ball
1-0: Swinging Strike
1-1: Foul Ball, location: 2F
1-2: SINGLE (Line Drive, 6M)
Batting: RHB Vernon Caw 0-0: Ball
1-0: Foul Ball, location: 2F
1-1: Ball
2-1: Ball
3-1: Fly out, F9 (Flyball, 9S)
Batting: RHB Joey Morgan 0-0: Ball
1-0: Foul Ball, location: 2F
1-1: Ball
2-1: SINGLE (Groundball, 56D)
Teruo Nakayama to second
Batting: RHB Keith Best 0-0: Ball
1-0: Called Strike
1-1: Fly out, F4 (Line Drive, 4)
Lined into DP, 4-3 (Line Drive, 4)
Top of the 3rd over - 2 run(s), 4 hit(s), 0 error(s), 1 left on base; Ft. Worth 4 - Austin 1
BOTTOM OF THE 3RD
Austin Rangers batting - Pitching for Ft. Worth Cattlemen : LHP Bartolomeu Lio
Batting: SHB Carlos Kramer 0-0: SOLO HOME RUN (Flyball, 7D), Distance : 399 ft
Batting: SHB Xavier Vásquez 0-0: Called Strike
0-1: Fly out, F4 (Flyball, 4D)
Batting: LHB Yun Yen 0-0: Ball
1-0: Ball
2-0: SINGLE (Groundball, 4MD)
Batting: LHB Count Dante 0-0: Called Strike
0-1: Ball
1-1: Ball
2-1: Foul Ball, location: 2F
2-2: Fly out, F7 (Flyball, 78M)
Batting: LHB Jesús Reyes 0-0: Ball
1-0: Swinging Strike
1-1: Called Strike
1-2: Ball
2-2: Fly out, F9 (Flyball, 9S)
Bottom of the 3rd over - 1 run(s), 2 hit(s), 0 error(s), 1 left on base; Ft. Worth 4 - Austin 2
TOP OF THE 4TH
Ft. Worth Cattlemen batting - Pitching for Austin Rangers : LHP Alfonso Zapata
Batting: LHB Ryan Westlake 0-0: Ball
1-0: Swinging Strike
1-1: Ball
2-1: Foul Ball, location: 2F
2-2: Foul Ball, location: 2F
2-2: Ball
3-2: Foul Ball, location: 2F
3-2: Base on Balls
Batting: RHB Edmund Gallagher 0-0: Ball
1-0: Grounds into double play, 5-4-3 (Groundball, 56)
Batting: SHB Robby Day 0-0: Called Strike
0-1: TRIPLE (Line Drive, 9LM)
Batting: SHB John Allen 0-0: Ball
1-0: Called Strike
1-1: Fly out, F8 (Flyball, 8LM)
Top of the 4th over - 0 run(s), 1 hit(s), 0 error(s), 1 left on base; Ft. Worth 4 - Austin 2
BOTTOM OF THE 4TH
Austin Rangers batting - Pitching for Ft. Worth Cattlemen : LHP Bartolomeu Lio
Batting: RHB Jeff Green 0-0: Ball
1-0: Foul Ball, location: 2F
1-1: Ball
2-1: Ball
3-1: Foul Ball, location: 2F
3-2: SINGLE (Groundball, 4MD)
Batting: RHB Tony Hernández 0-0: Ball
1-0: Foul Ball, location: 2F
1-1: Ball
2-1: Ball
3-1: Base on Balls
Jeff Green to second
Batting: RHB Matt Sheppard 0-0: Called Strike
0-1: Called Strike
0-2: Foul Ball, location: 2F
0-2: Foul Ball, location: 2F
0-2: Ball
1-2: Ball
2-2: Foul Ball, location: 2F
2-2: Foul Ball, location: 2F
2-2: Grounds into double play, 6-4-3 (Groundball, 6)
Jeff Green to third
Batting: LHB Enrique Sánchez 0-0: Ground out 5-3 (Groundball, 56)
Bottom of the 4th over - 0 run(s), 1 hit(s), 0 error(s), 1 left on base; Ft. Worth 4 - Austin 2
TOP OF THE 5TH
Ft. Worth Cattlemen batting - Pitching for Austin Rangers : LHP Alfonso Zapata
Batting: RHB Bart Lewis 0-0: Called Strike
0-1: Ball
1-1: SINGLE (Line Drive, 4M)
Batting: RHB Teruo Nakayama 0-0: Called Strike
0-1: Swinging Strike
0-2: Strikes out swinging
Batting: RHB Vernon Caw 0-0: Called Strike
0-1: Ball
1-1: Ball
2-1: Ball
3-1: Base on Balls
Bart Lewis to second
Batting: RHB Joey Morgan 0-0: Called Strike
0-1: Foul Ball, location: 2F
0-2: Ball
1-2: Ball
2-2: Ball
3-2: Strikes out swinging
Batting: RHB Keith Best 0-0: Fly out, F7 (Flyball, 78S)
Top of the 5th over - 0 run(s), 1 hit(s), 0 error(s), 2 left on base; Ft. Worth 4 - Austin 2
BOTTOM OF THE 5TH
Austin Rangers batting - Pitching for Ft. Worth Cattlemen : LHP Bartolomeu Lio
Batting: SHB Carlos Kramer 0-0: Ground out 6-3 (Groundball, 6)
Batting: SHB Xavier Vásquez 0-0: Swinging Strike
0-1: Foul Ball, location: 2F
0-2: Strikes out looking
Batting: LHB Yun Yen 0-0: Ball
1-0: Called Strike
1-1: Ball
2-1: Swinging Strike
2-2: SINGLE (Line Drive, 89S)
Batting: LHB Count Dante 0-0: Ball
1-0: SINGLE (Groundball, 4MD)
Yun Yen to second
Batting: LHB Jesús Reyes 0-0: Ball
1-0: Ground out U3 (Groundball, 2R)
Bottom of the 5th over - 0 run(s), 2 hit(s), 0 error(s), 2 left on base; Ft. Worth 4 - Austin 2
TOP OF THE 6TH
Ft. Worth Cattlemen batting - Pitching for Austin Rangers : LHP Alfonso Zapata
Batting: LHB Ryan Westlake 0-0: Swinging Strike
0-1: Foul Ball, location: 2F
0-2: Ball
1-2: Ball
2-2: Fly out, F8 (Flyball, 8RM)
Batting: RHB Edmund Gallagher 0-0: Foul Ball, location: 2F
0-1: Ball
1-1: Fly out, F7 (Line Drive, 78S)
Batting: SHB Robby Day 0-0: Ball
1-0: Ball
2-0: Ball
3-0: Called Strike
3-1: SINGLE (Flyball, 89S)
Batting: SHB John Allen 0-0: Foul Ball, location: 2F
0-1: Swinging Strike
0-2: Strikes out swinging
Top of the 6th over - 0 run(s), 1 hit(s), 0 error(s), 1 left on base; Ft. Worth 4 - Austin 2
BOTTOM OF THE 6TH
Austin Rangers batting - Pitching for Ft. Worth Cattlemen : LHP Bartolomeu Lio
Batting: RHB Jeff Green 0-0: Foul Ball, location: 2F
0-1: Ball
1-1: Called Strike
1-2: Strikes out looking
Batting: RHB Tony Hernández 0-0: Ball
1-0: Called Strike
1-1: Ball
2-1: Foul Ball, location: 2F
2-2: Ball
3-2: Ground out 4-3 (Groundball, 4)
Batting: RHB Matt Sheppard 0-0: Called Strike
0-1: Ground out 1-3 (Groundball, P)
Bottom of the 6th over - 0 run(s), 0 hit(s), 0 error(s), 0 left on base; Ft. Worth 4 - Austin 2
TOP OF THE 7TH
Ft. Worth Cattlemen batting - Pitching for Austin Rangers : LHP Alfonso Zapata
Batting: RHB Bart Lewis 0-0: Ball
1-0: Ball
2-0: Ball
3-0: Called Strike
3-1: SINGLE (Groundball, 6MD)
Batting: RHB Teruo Nakayama 0-0: Ball
1-0: Fly out, F9 (Flyball, 89D)
Batting: RHB Vernon Caw 0-0: Called Strike
0-1: Ball
1-1: Called Strike
1-2: Foul Ball, location: 2F
1-2: Ball
2-2: Fielders Choice at 2nd, 5-4 (Groundball, 56D)
Batting: RHB Joey Morgan 0-0: Ball
1-0: Ball
2-0: Called Strike
2-1: Ball
3-1: Foul Ball, location: 2F
3-2: Foul Ball, location: 2F
3-2: Base on Balls
Vernon Caw to second
Batting: RHB Keith Best 0-0: Ball
1-0: Fielders Choice at 2nd, 6-4 (Groundball, 6)
Top of the 7th over - 0 run(s), 1 hit(s), 0 error(s), 1 left on base; Ft. Worth 4 - Austin 2
BOTTOM OF THE 7TH
Austin Rangers batting - Pitching for Ft. Worth Cattlemen : LHP Bartolomeu Lio
Batting: LHB Enrique Sánchez 0-0: Called Strike
0-1: Ball
1-1: Called Strike
1-2: Foul Ball, location: 2F
1-2: Fly out, F8 (Flyball, 78M)
Batting: SHB Carlos Kramer 0-0: Foul Ball, location: 2F
0-1: Called Strike
0-2: Fly out, F9 (Flyball, 9LS)
Batting: SHB Xavier Vásquez 0-0: Swinging Strike
0-1: Foul Ball, location: 2F
0-2: Fly out, F7 (Line Drive, 7S)
Bottom of the 7th over - 0 run(s), 0 hit(s), 0 error(s), 0 left on base; Ft. Worth 4 - Austin 2
TOP OF THE 8TH
Ft. Worth Cattlemen batting - Pitching for Austin Rangers : LHP Alfonso Zapata
Batting: LHB Ryan Westlake 0-0: Ball
1-0: Foul Ball, location: 2F
1-1: Foul Ball, location: 2F
1-2: Foul Ball, location: 2F
1-2: Ground out 4-3 (Groundball, 4D)
Batting: RHB Edmund Gallagher 0-0: Ball
1-0: Ball
2-0: DOUBLE (Line Drive, 78D)
Pitching: RHP Gavin Blackburn
Batting: SHB Robby Day 0-0: Intentional Walk
Batting: SHB John Allen 0-0: Called Strike
0-1: SINGLE (Groundball, 56D)
Edmund Gallagher to third
Robby Day to second
Batting: RHB Bart Lewis 0-0: Ball
1-0: Ball
2-0: Ball
3-0: Base on Balls
Edmund Gallagher scores
Robby Day to third
John Allen to second
Batting: RHB Teruo Nakayama 0-0: Called Strike
0-1: Foul Ball, location: 2F
0-2: Ball
1-2: Foul Ball, location: 2F
1-2: Foul Ball, location: 2F
1-2: Strikes out looking
Batting: RHB Vernon Caw 0-0: Ball
1-0: Ball
2-0: Ball
3-0: Swinging Strike
3-1: Swinging Strike
3-2: Foul Ball, location: 2F
3-2: Base on Balls
Robby Day scores
John Allen to third
Bart Lewis to second
Batting: RHB Joey Morgan 0-0: Called Strike
0-1: Ball
1-1: Ball
2-1: DOUBLE (Line Drive, 78D)
John Allen scores
Bart Lewis scores
Vernon Caw to third
Pitching: LHP Ernest Torres
Batting: RHB Keith Best 0-0: Ball
1-0: Ball
2-0: Ball
3-0: Called Strike
3-1: Base on Balls
Batting: LHB Ryan Westlake 0-0: Foul Ball, location: 2F
0-1: Ball
1-1: Ball
2-1: Foul Ball, location: 2F
2-2: Ball
3-2: Strikes out looking
Top of the 8th over - 4 run(s), 3 hit(s), 0 error(s), 3 left on base; Ft. Worth 8 - Austin 2
BOTTOM OF THE 8TH
Austin Rangers batting - Pitching for Ft. Worth Cattlemen : LHP Bartolomeu Lio
Now at 3B: Davis Anderson
Batting: LHB Yun Yen 0-0: Ball
1-0: Foul Ball, location: 2F
1-1: Ball
2-1: Swinging Strike
2-2: Ball
3-2: Fly out, F4 (Popup, 34)
Batting: LHB Count Dante 0-0: Called Strike
0-1: Ball
1-1: Ball
2-1: Swinging Strike
2-2: Ball
3-2: Fly out, F7 (Flyball, 7LM)
Batting: LHB Jesús Reyes 0-0: Ball
1-0: Swinging Strike
1-1: SINGLE (Groundball, 34D)
Pitching: LHP Asher Spivey
Batting: RHB Jeff Green 0-0: Foul Ball, location: 2F
0-1: Ball
1-1: Foul Ball, location: 2F
1-2: Ball
2-2: DOUBLE (Flyball, 8RD)
Jesús Reyes to third
Runner from 3rd tries for Home, SAFE, throw made home
Batting: RHB Tony Hernández 0-0: Ball
1-0: Called Strike
1-1: Foul Ball, location: 2F
1-2: Ground out 6-3 (Groundball, 6)
Bottom of the 8th over - 1 run(s), 2 hit(s), 0 error(s), 1 left on base; Ft. Worth 8 - Austin 3
TOP OF THE 9TH
Ft. Worth Cattlemen batting - Pitching for Austin Rangers : LHP Ernest Torres
Batting: RHB Edmund Gallagher 0-0: Called Strike
0-1: Swinging Strike
0-2: Ball
1-2: Ball
2-2: Strikes out swinging
Batting: SHB Robby Day 0-0: Swinging Strike
0-1: Ball
1-1: Ground out 6-3 (Groundball, 6)
Batting: SHB John Allen 0-0: Ball
1-0: Swinging Strike
1-1: Ground out 3-1 (Groundball, 34S)
Top of the 9th over - 0 run(s), 0 hit(s), 0 error(s), 0 left on base; Ft. Worth 8 - Austin 3
BOTTOM OF THE 9TH
Austin Rangers batting - Pitching for Ft. Worth Cattlemen : LHP Asher Spivey
Pitching: LHP Jason Horne
Now at C: Álex Hernández
Batting: RHB Matt Sheppard 0-0: Called Strike
0-1: Ball
1-1: Swinging Strike
1-2: Strikes out swinging
Batting: LHB Enrique Sánchez 0-0: Ball
1-0: Ball
2-0: Ball
3-0: Base on Balls
Batting: SHB Carlos Kramer 0-0: Fly out, F9 (Flyball, 89S)
Batting: SHB Xavier Vásquez 0-0: Ball
1-0: Fly out, F9 (Flyball, 9)
Bottom of the 9th over - 0 run(s), 0 hit(s), 0 error(s), 1 left on base; Ft. Worth 8 - Austin 3
Monday, March 20th, 2017 - OOTP Baseball 17.12 Build 75